 Dungeon Crawl Stone Soup version 0.20.1-1-g8b1a95d (console) character file.

525 hilaritas the Poker (level 7, 0/85 HPs)
             Began as a Centaur Fighter on Aug 4, 2017.
             Killed by divine providence
             ... invoked by an orc priest
              (15 damage)
             ... on level 4 of the Dungeon.
             The game lasted 00:06:45 (2801 turns).

hilaritas the Poker (Centaur Fighter)               Turns: 2801, Time: 00:06:46

Health: 0/85       AC: 26    Str: 19    XL:     7   Next: 2%
Magic:  7/7        EV:  1    Int:  7    God:
Gold:   134        SH: 10    Dex: 10    Spells: 6/6 levels left

rFire    . . .     SeeInvis .   a - +0 trident
rCold    . . .     Gourm    .   c - +1 shield
rNeg     + + +     Faith    .   (armour currently unavailable)
rPois    +         Spirit   .   (helmet currently unavailable)
rElec    .         Reflect  .   (cloak currently unavailable)
rCorr    .         Harm     .   (gloves currently unavailable)
MR       .....     NoTele   +   (no barding)
Stlth    +.........             (no amulet)
Regen    0.3/turn               t - +3 ring of protection
MPRegen  0.1/turn               (no ring)

@: tree-form
A: no striking features
a: no special abilities


You were on level 4 of the Dungeon.
You were not hungry.
You were a tree.
You visited 1 branch of the dungeon, and saw 4 of its levels.

You collected 134 gold pieces.

Inventory:

Hand Weapons
 a - a +0 trident (weapon)
Armour
 b - a +2 helmet (melded)
 c - a +1 shield (worn)
 l - a +0 ring mail (melded)
Jewellery
 t - a +3 ring of protection (left branch)
Scrolls
 e - a scroll of enchant armour
 h - 2 scrolls of identify
 k - a scroll of fear
 m - a scroll of magic mapping
 p - a scroll of remove curse
Potions
 i - a potion of curing
 o - a potion of magic {unknown}
 s - a potion of lignification
Comestibles
 d - a royal jelly
 f - a bread ration
 g - a chunk of flesh
 j - 2 meat rations
 n - a fruit


   Skills:
 - Level 3.0 Fighting
 * Level 6.1 Polearms
 - Level 2.1 Armour
 + Level 3.4 Shields


You had 6 spell levels left.
You didn't know any spells.

Dungeon Overview and Level Annotations

Branches:
Dungeon (4/15)             Temple (0/1) D:4

Altars:


Innate Abilities, Weirdness & Mutations

((You have hooves in place of feet.))
((Armour fits poorly on your strangely shaped body.))
((You cover ground very quickly.))
((You have extremely tough skin. (AC +3)))


Message History

You hit the orc priest.
The orc priest is moderately wounded.
The orc priest mumbles some strange prayers to Beogh against you.
Beogh smites you!
* * * LOW HITPOINT WARNING * * *
The quokka bites you but does no damage.
The orc priest hits you but does no damage.
You hit the orc priest.
The orc priest is severely wounded.
You block the quokka's attack.
You hit the orc priest.
The orc priest is severely wounded.
The quokka bites you but does no damage.
The orc priest hits you but does no damage.
The quokka bites you but does no damage.
You hit the orc priest.
The orc priest is almost dead.
The orc priest invokes the aid of Beogh against you.
Beogh smites you!
You die...

.#* #.# *#...#* **,, .#
#.##########.....** **, .#
#.##.##...#......,** **,
.########.......#........,,****,,
......................o.o,,+,,,,,
..#########...##o#.......,,****,,
#.# ##.###o##......,** **, ..#
*#######o#*#...o.** ** .##
*......r♣# *#...#* * .#
*.######## *#+## * .#
*,************,* * .#
*,**,,,,,,,,,*,* * .#
*,**,*******,*,** * .# *,**>*
**,,,,***** * .#
*,**,******,,,,,,,,,* .#
*,,,,,,,,**,,,,,,,*,* ,**
****,***,**,,,,,,,,,*****


You could see an orc priest, 2 orcs and a quokka.

Vanquished Creatures
  Sigmund (D:2)
  A phantom (D:4)
  A scorpion (D:4)
  A bullfrog zombie (D:3)
  An orc priest (D:4)
  An orc wizard (D:4)
  A worker ant (D:4)
  Robin (D:2)
  2 adders (D:3)
  3 worms
  A dart slug (D:1)
  A leopard gecko (D:2)
  An orc (D:3)
  8 bats
  7 giant cockroaches
  13 goblins
  11 hobgoblins
  10 jackals
  A quokka (D:3)
  2 ball pythons
  4 frilled lizards (D:1)
  A jackal skeleton (D:4)
  5 kobolds
  14 rats
92 creatures vanquished.

Notes
Turn   | Place    | Note
-------+----------+-------------------------------------------
     0 | D:1      | hilaritas the Centaur Fighter began the quest for the Orb.
     0 | D:1      | Reached XP level 1. HP: 19/19 MP: 1/1
    77 | D:1      | Reached skill level 2 in Polearms
    80 | D:1      | Reached XP level 2. HP: 20/26 MP: 2/2
   888 | D:1      | Reached XP level 3. HP: 31/31 MP: 3/3
  1050 | D:2      | Noticed Robin
  1063 | D:2      | Killed Robin
  1063 | D:2      | Reached skill level 3 in Polearms
  1309 | D:2      | Reached XP level 4. HP: 38/38 MP: 4/4
  1319 | D:2      | Noticed Sigmund
  1329 | D:2      | Killed Sigmund
  1329 | D:2      | Reached skill level 4 in Polearms
  1329 | D:2      | Reached XP level 5. HP: 24/45 MP: 5/5
  1880 | D:3      | Reached XP level 6. HP: 50/51 MP: 6/6
  1885 | D:3      | Reached skill level 5 in Polearms
  2539 | D:3      | You fall through a shaft!
  2793 | D:4      | Reached skill level 6 in Polearms
  2793 | D:4      | Reached XP level 7. HP: 21/57 MP: 7/7
  2801 | D:4      | Killed from afar by an orc priest

Skill      XL: |  1  2  3  4  5  6 |
---------------+-------------------+-----
Polearms       | 2 3 4 6 |  6.1
Shields        | 3 |  3.4
Fighting       | |  3.0
Armour         | |  2.1

Action                   |  1- 3 |  4- 6 |  7- 9 || total
-------------------------+-------+-------+-------++-------
Melee: Trident           |   142 |   155 |     8 ||   305
       Kick              |    24 |    20 |       ||    44
  Use: Potion            |       |     4 |       ||     4
       Scroll            |       |     7 |       ||     7
  Eat: Chunk             |     1 |     4 |       ||     5
Armor: Scale mail        |    38 |       |       ||    38
       Ring mail         |    18 |    48 |       ||    66
       Skin              |       |     6 |    10 ||    16
Dodge: Dodged            |    23 |    33 |       ||    56
Block: Shield            |    50 |    41 |     5 ||    96
